[Event "*** Titled Tuesday Blitz"]
[Site "Chess.com"]
[Date "2020.05.12"]
[Round "4"]
[White "ristingho"]
[Black "Azatnew"]
[Result "1/2-1/2"]
[WhiteElo "2515"]
[BlackElo "2734"]
[TimeControl "180+1"]
[EndTime "10:39:33 PDT"]
[Termination "Game drawn - insufficient material"]

1. d4 Nf6 2. c4 g6 3. Nc3 Bg7 4. Nf3 O-O 5. Bg5 c5 6. e3 h6 7. Bh4 cxd4 8. exd4 g5 9. Bg3 d5 10. c5 Nc6 11. Bb5 Bg4 12. Bxc6 bxc6 13. Qd3 Qa5 14.
Ne5 Bd7 15. O-O Rfc8 16. a3 a6 17. b4 Qd8 18. f4 g4 19. f5 a5 20. Na4 axb4 21.
Nb6 bxa3 22. Nxa8 Rxa8 23. Rxa3 Rxa3 24. Qxa3 Qc8 25. Qa7 Bf8 26. Nxd7 Nxd7 27. Qc7 Qxc7 28. Bxc7 Bg7 29. Rd1 e6 30. fxe6 fxe6 31. Bf4 Kf7 32.
h3 gxh3 33. gxh3 h5 34. Kh2 Nf6 35. Be5 Ne4 36. Bxg7 Kxg7 37. Kg2 Kf6 38. Rf1+ Ke7 39. Rb1 e5 40. dxe5 Nxc5 41. Rc1 Nd3 42. Rxc6 Nxe5 43. Rh6 Nd3 44. Kf3 Ne5+ 45. Kf4 Nf7 46. Rxh5 Ke6 47. Rh7 Kf6 48. h4 Kg6 49. Rxf7 Kxf7 50. Ke5 Kg6 51.
Kxd5 Kh5 52. Ke5 Kxh4 1/2-1/2

[Event "*** Titled Tuesday Blitz"]
[Site "Chess.com"]
[Date "2020.05.12"]
[Round "4"]
[White "ZverevLev"]
[Black "djano"]
[Result "0-1"]
[WhiteElo "2104"]
[BlackElo "2442"]
[TimeControl "180+1"]
[EndTime "10:39:34 PDT"]
[Termination "djano won on time"]

1. e4 c5 2. Nf3 e6 3. d4 cxd4 4. Nxd4 a6 5. Bd3 g6 6. O-O Bg7 7. Be3 Nc6 8. Nxc6 bxc6 9. c3 Nf6 10. Nd2 O-O 11. e5 Nd5 12. Bc5 Bxe5 13. Bxf8 Qxf8 14. Re1 Bc7 15. Bf1 Rb8 16. Qc2 f5 17. g3 a5 18.
Bg2 Ba6 19. Nb3 h5 20. Nd4 Qf6 21. Qd2 Kg7 22. f4 Bb6 23. Kh1 h4 24. Bf3 Rh8 25.
Kg2 a4 26. Be2 Bb7 27. Bf3 Ba5 28. Qd3 a3 29. b4 Bb6 30. Qd2 Nxc3 31. Nxc6 Bxc6 32.
Bxc6 dxc6 33. Qd7+ Qf7 34. Qxc6 Bd4 35. Rxe6 Bf6 36.
Rae1 Ne4 37. Rd1 Rd8 38. Rxd8 Bxd8 39. b5 hxg3 40. hxg3 Nc5 41. Rd6 Qxa2+ 42. Kh3 Ne4 43. Rxg6+ Kf7 44. Qd7+ Kxg6 0-1

[Event "*** Titled Tuesday Blitz"]
[Site "Chess.com"]
[Date "2020.05.12"]
[Round "4"]
[White "C_K_G"]
[Black "GrafLermontov"]
[Result "0-1"]
[WhiteElo "2009"]
[BlackElo "2377"]
[TimeControl "180+1"]
[EndTime "10:39:34 PDT"]
[Termination "GrafLermontov won on time"]

1. e4 c5 2. Nf3 e6 3. d4 cxd4 4. Nxd4 Nc6 5. Nc3 Qc7 6. Be2 a6 7. Be3 Nf6 8. O-O Bb4 9. Na4 O-O 10. Nxc6 bxc6 11. Nb6 Rb8 12. Nxc8 Rfxc8 13. Bd3 d5 14. Qf3 Bd6 15. h3 Rxb2 16. Bd4 Rb4 17. Bxf6 gxf6 18.
exd5 f5 19. dxe6 fxe6 20. c3 Rf4 21. Qh5 Qf7 22. Qxf7+ Kxf7 23. Bxa6 Ra8 24. Be2 Rfa4 25. Bf3 Rc4 26. Rfd1 Ke7 27. a4 Rcxa4 28. Rxa4 Rxa4 29.
Bxc6 Rc4 30. Bf3 Rxc3 31. Rb1 Kf6 32. Kf1 Bc5 33. Be2 h6 34. g3 Rc2 35. h4 e5 36. Rb8 e4 37. Re8 Rc1+ 38. Kg2 Re1 39. Bf1 Rc1 40. Be2 Rc2 41. Bf1 Rxf2+ 42. Kg1 Rd2+ 43.
Kh1 e3 44. h5 Rf2 45. Bc4 Kg5 46. Re5 Bd4 0-1

[Event "*** Titled Tuesday Blitz"]
[Site "Chess.com"]
[Date "2020.05.12"]
[Round "4"]
[White "MPGM"]
[Black "TenisMaster"]
[Result "1/2-1/2"]
[WhiteElo "2536"]
[BlackElo "2855"]
[TimeControl "180+1"]
[EndTime "10:39:35 PDT"]
[Termination "Game drawn - insufficient material"]

1. d4 Nf6 2. Nf3 d5 3. Bg5 Bf5 4. c4 e6 5. Nc3 c6 6. Qb3 Qb6 7. c5 Qc7 8. Bxf6 gxf6 9. Rc1 Nd7 10. e3 Bg4 11. Be2 f5 12. Qc2 Be7 13. g3 Bxf3 14.
Bxf3 h5 15. h4 Nf6 16. b4 Kf8 17. Ne2 b6 18. Nf4 bxc5 19. bxc5 Rb8 20. O-O Kg7 21. Rb1 Kh6 22. Qe2 Ng4 23. Qa6 Bf6 24. Rb3 Rxb3 25. axb3 Rb8 26. Ra1 Rb7 27. b4 Bg7 28. b5 Rxb5 29. Qxa7 Rb1+ 30. Kg2 Qxa7 31. Rxa7 e5 32.
dxe5 Nxe5 33. Bxh5 Rc1 34. Bxf7 Rxc5 35. Be6 Nc4 36.
Bxf5 d4 37. g4 Rxf5 38. g5+ Kh7 39. Ne6 dxe3 40. Rxg7+ Kh8 41. fxe3 Nxe3+ 42. Kg3 Re5 43. Rg6 Nd5 44. h5 c5 45. Rh6+ Kg8 46. Rg6+ Kh8 47. Nf4 Re3+ 48. Kf2 Nxf4 49. Kxe3 Nxg6 50. hxg6 Kg7 51. Kd3 Kxg6 52. Kc4 Kxg5 53. Kxc5 1/2-1/2

[Event "*** Titled Tuesday Blitz"]
[Site "Chess.com"]
[Date "2020.05.12"]
[Round "4"]
[White "chess94cu"]
[Black "atwalcb"]
[Result "1-0"]
[WhiteElo "2464"]
[BlackElo "2291"]
[TimeControl "180+1"]
[EndTime "10:39:35 PDT"]
[Termination "chess94cu won on time"]

1. d4 d6 2. c4 e5 3. Nc3 exd4 4. Qxd4 Nc6 5. Qd1 g6 6. e4 Bg7 7. Nf3 Nf6 8. Be2 O-O 9. O-O Be6 10. Re1 Re8 11.
Bf1 h6 12. h3 Ne5 13. Nd2 c6 14. b3 Nh5 15. Bb2 Nf4 16. Nf3 Qf6 17. Re3 Rad8 18. Nd4 Bc8 19. Nce2 g5 20. Ng3 c5 21. Ndf5 Bxf5 22. Nxf5 Nf3+ 23. Qxf3 Qxb2 24. Rd1 Qe5 25. Qg4 Ne6 26. Rd5 Qf6 27. Nxd6 Rf8 28. Nf5 Nd4 29. Nxd4 cxd4 30. Rf3 Qe6 31. Rff5 Rfe8 32. Bd3 Rxd5 33. exd5 Qe1+ 34. Kh2 Be5+ 35. g3 Bg7 36. Rf3 Qe5 37.
Qh5 Re7 38. Kg2 a5 39. Qg4 b6 40. Qc8+ Re8 41. Qd7 Re7 42. Qd8+ Re8 43. Qxb6 a4 44.
bxa4 Qe7 45. d6 Qd7 46. c5 Rd8 47. Qb5 Qa7 48. Bc4 Rf8 49. d7 Qc7 50. c6 Be5 51.
a5 Kg7 52. Qd5 f5 53. Qe6 f4 54. Qe7+ 1-0

[Event "*** Titled Tuesday Blitz"]
[Site "Chess.com"]
[Date "2020.05.12"]
[Round "4"]
[White "Tooweak2slow03"]
[Black "Diego_FloresQ"]
[Result "1/2-1/2"]
[WhiteElo "2614"]
[BlackElo "2443"]
[TimeControl "180+1"]
[EndTime "10:39:36 PDT"]
[Termination "Game drawn by repetition"]

1. e4 c5 2. Nf3 e6 3. b4 d5 4. e5 cxb4 5. a3 Nc6 6. d4 bxa3 7.
Bxa3 Nge7 8. Bd3 Nf5 9. O-O Be7 10. Bxe7 Qxe7 11. Na3 Nfxd4 12. Nxd4 Nxd4 13. Qg4 Nc6 14. Qxg7 Qf8 15. Qg4 Rg8 16. Qe2 Qg7 17. f4 Bd7 18. Nb5 Ke7 19. Qf2 b6 20. Kh1 Nb4 21.
Rg1 Nxd3 22. Qh4+ Kf8 23. Rxa7 Rxa7 24. Nxa7 Ke8 25. cxd3 Qg6 26. Qh3 d4 27. Rc1 Kf8 28. Nc6 Bxc6 29. Rxc6 Kg7 30. Rxb6 Rc8 31. Rb1 Rc3 32.
Rd1 Kf8 33. Qg3 Qh5 34. Rf1 Qe2 35. Ra1 Rc8 36. Kg1 Qb2 37. Rf1 Rc1 38. Qf3 Qd2 39.
Rxc1 Qxc1+ 40. Kf2 Qd2+ 41. Kg3 h5 42. Qxh5 Qxd3+ 43.
Qf3 Qg6+ 44. Kf2 Qc2+ 45. Kf1 d3 46. Qe3 d2 47. Qa3+ Kg7 48. Qg3+ Kf8 49. Qa3+ Ke8 50.
Qa8+ Kd7 51. Qb7+ Kd8 52. Qb8+ Ke7 53. Qa7+ Kf8 54. Qa3+ 1/2-1/2

[Event "*** Titled Tuesday Blitz"]
[Site "Chess.com"]
[Date "2020.05.12"]
[Round "4"]
[White "GoValya"]
[Black "Chesstrainer1"]
[Result "0-1"]
[WhiteElo "2172"]
[BlackElo "2408"]
[TimeControl "180+1"]
[EndTime "10:39:36 PDT"]
[Termination "Chesstrainer1 won by resignation"]

1. d4 Nf6 2. c4 g6 3. g3 Bg7 4. Bg2 O-O 5. Nc3 d6 6. Nf3 Nbd7 7. O-O e5 8. e4 Re8 9. Re1 exd4 10. Nxd4 Nc5 11. h3 Bd7 12. Rb1 h6 13. b4 Ne6 14.
Nc2 Ng5 15. Bxg5 hxg5 16. Qd2 g4 17. h4 Be6 18. Nd5 c6 19. Nde3 Qc7 20. Nd4 Rad8 21. Rec1 Bc8 22. Qd3 Qe7 23. Re1 Nxe4 24. Nxg4 f5 25. Ne3 Qf6 26. Nf3 Qc3 27. Qxc3 Nxc3 28.
Rb3 d5 29. cxd5 cxd5 30. Ng5 d4 31. Rxc3 dxc3 32. Rc1 Bf6 33. Bd5+ Kg7 34. Nf3 Rxe3 35. fxe3 Rxd5 36. Kf2 Be6 37. Rc2 Rd3 38. a3 Bb3 39. Rc1 c2 40. Ke2 Rc3 41. Kd2 Rc7 42. Nd4 Bxd4 43.
exd4 Kf6 44. Kd3 Ke6 45. Re1+ Kd6 46. Rc1 Kd5 47. Kd2 Rc4 48. Kd3 b5 49. Kd2 Kxd4 50.
Ke2 Kc3 51. Ke3 Kb2 52. Re1 c1=Q+ 53. Rxc1 Kxc1 54. Kf3 Bd1+ 0-1

[Event "*** Titled Tuesday Blitz"]
[Site "Chess.com"]
[Date "2020.05.12"]
[Round "4"]
[White "Gentlejimmy7"]
[Black "Anuar_Is"]
[Result "0-1"]
[WhiteElo "2575"]
[BlackElo "2782"]
[TimeControl "180+1"]
[EndTime "10:39:37 PDT"]
[Termination "Anuar_Is won by checkmate"]

1. d4 Nf6 2. g3 g6 3. Bg2 Bg7 4. Nf3 O-O 5. O-O d6 6. Nc3 c6 7. e4 Qc7 8. a4 Bg4 9. a5 Nbd7 10.
Be3 e6 11. Qd3 b5 12. axb6 axb6 13. Nd2 e5 14. d5 Nc5 15. Bxc5 bxc5 16. dxc6 Qxc6 17.
Nc4 Rad8 18. Ne3 Be6 19. Rfd1 Rb8 20. b3 Rfd8 21. Ra6 Rb6 22. Rxb6 Qxb6 23. Ncd5 Qb7 24. Nxf6+ Bxf6 25. Nd5 Bxd5 26. Qxd5 Qxd5 27. Rxd5 Be7 28. f4 f6 29. Rd1 Ra8 30. Bf1 Kf8 31. Kf2 Ra2 32.
Bd3 Bd8 33. Kf3 Ke7 34. h4 Kf8 35. Rh1 Kg7 36. h5 gxh5 37. Rxh5 Ba5 38. Rh1 Bc3 39.
g4 Bd4 40. g5 exf4 41. gxf6+ Bxf6 42. Kxf4 h6 43. Kf5 Ra1 44. Rxa1 Bxa1 45. Be2 Be5 46. Bh5 Kf8 47. Ke6 Bf4 48. c3 Be5 49. b4 Bxc3 50.
b5 Ba5 51. Kxd6 c4 52. e5 c3 53. e6 Bb4+ 54. Kd7 c2 55. b6 c1=Q 56. b7 Qd2+ 57.
Kc8 Qc3+ 58. Kd8 Qd4+ 59. Kc8 Qc5+ 60. Kd8 Qb6+ 61. Kc8 Bd6 62. b8=Q Qxb8+ 63. Kd7 Qc7# 0-1

[Event "*** Titled Tuesday Blitz"]
[Site "Chess.com"]
[Date "2020.05.12"]
[Round "4"]
[White "manmanlai1"]
[Black "Konovalova_Vera"]
[Result "1-0"]
[WhiteElo "2326"]
[BlackElo "2098"]
[TimeControl "180+1"]
[EndTime "10:39:37 PDT"]
[Termination "manmanlai1 won on time"]

1. e4 c6 2. d4 d5 3. exd5 cxd5 4. Bd3 Nf6 5. c3 Nc6 6. Bf4 Bg4 7. Nf3 e6 8. Nbd2 Bd6 9. Bxd6 Qxd6 10. O-O O-O 11. Qe1 Bf5 12. Qe3 Bxd3 13. Qxd3 e5 14. dxe5 Nxe5 15.
Nxe5 Qxe5 16. Rfe1 Qh5 17. Nf1 Rad8 18. h3 Ne4 19. Rad1 h6 20. Ne3 Nf6 21. Qb5 b6 22.
Rd4 Rfe8 23. Qe2 Qg6 24. Red1 Nh5 25. Qf3 Nf6 26. c4 Re4 27. Rxe4 Qxe4 28. Qxe4 Nxe4 29.
Nxd5 Kf8 30. g3 Nf6 31. Kg2 Nxd5 32. Rxd5 Rc8 33. b3 Rc7 34. Kf3 Ke7 35. Ke4 Ke6 36. f4 g6 37. g4 Rb7 38. h4 Rc7 39. h5 f5+ 40. gxf5+ gxf5+ 41. Rxf5 Rg7 42. Re5+ Kd6 43. Rd5+ Ke6 44. f5+ Ke7 45. Ke5 Rg1 46. f6+ Kf7 47. Rd7+ Ke8 48. Rxa7 Re1+ 49. Kf5 Rg1 50. b4 Rg5+ 51.
Ke6 Kd8 52. Ra8+ Kc7 53. f7 1-0

[Event "*** Titled Tuesday Blitz"]
[Site "Chess.com"]
[Date "2020.05.12"]
[Round "4"]
[White "BogdanDeac"]
[Black "SketchyMoves"]
[Result "1-0"]
[WhiteElo "2923"]
[BlackElo "2633"]
[TimeControl "180+1"]
[EndTime "10:39:38 PDT"]
[Termination "BogdanDeac won by checkmate"]

1. Nf3 b6 2. c4 Bb7 3. d4 e6 4. a3 f5 5. g3 Nf6 6. Bg2 g6 7. O-O Bg7 8. Nc3 O-O 9. d5 Qe7 10.
Nd4 c6 11. Nc2 e5 12. e4 fxe4 13. Nxe4 Nxe4 14. Bxe4 d6 15. h4 Kh8 16. h5 cxd5 17.
Bxd5 Bxd5 18. Qxd5 Nd7 19. hxg6 hxg6 20. Kg2 Qf7 21.
Ne3 Qxd5+ 22. Nxd5 Kg8 23. Be3 Kf7 24. Rfd1 Rac8 25. b3 Ke6 26. a4 Nf6 27. a5 Nxd5 28. Rxd5 Rc6 29. axb6 axb6 30. Ra7 Bf6 31. Rb5 Rb8 32. Kf3 Bd8 33. Rg7 Kf6 34. Rh7 Ke6 35. Ke4 Be7 36. g4 Bf6 37. g5 Bd8 38. Rg7 Rc7 39. Rxg6+ Kf7 40. Rxd6 Be7 41. Rdxb6 Rg8 42.
Kf5 Rd7 43. g6+ Kg7 44. Re6 Rf8+ 45. Ke4 Bf6 46. Rbb6 Kxg6 47. c5 Kg7 48. c6 Rc7 49.
Rb7 Rc8 50. Rxc7+ Rxc7 51. b4 Kf7 52. Kf5 Bg7 53. b5 Rc8 54. b6 e4 55. b7 Rb8 56.
c7 Rxb7 57. c8=Q Rb5+ 58. Kg4 Bf6 59. Qe8+ Kg7 60. Qxb5 Kg6 61. Qf5+ Kg7 62. Qxf6+ Kh7 63. Re7+ Kg8 64. Qg7# 1-0

[Event "*** Titled Tuesday Blitz"]
[Site "Chess.com"]
[Date "2020.05.12"]
[Round "4"]
[White "ChessBitl"]
[Black "CraiggoryC"]
[Result "1-0"]
[WhiteElo "2315"]
[BlackElo "2095"]
[TimeControl "180+1"]
[EndTime "10:39:38 PDT"]
[Termination "ChessBitl won by resignation"]

1. e4 d5 2. exd5 Nf6 3. Nf3 Bg4 4. d4 Qxd5 5. Be2 Nc6 6. Be3 O-O-O 7. Nbd2 e5 8. dxe5 Nxe5 9. Nxe5 Bxe2 10. Qxe2 Qxe5 11. O-O-O Bc5 12. Qb5 Bd4 13. Qxe5 Bxe5 14. Nc4 Ng4 15. Nxe5 Nxe5 16. h3 Rhe8 17. b3 Nc6 18. Kb2 Ne7 19. c4 Nf5 20. Rxd8+ Rxd8 21. Bf4 Nd4 22. Rd1 Ne6 23.
Rxd8+ Kxd8 24. Be3 Kd7 25. Kc3 Kc6 26. b4 a6 27. a4 g6 28. Kd3 f5 29. Kc3 Kd6 30. Bh6 Ke5 31. Kd3 c5 32. b5 Nf4+ 33. Bxf4+ Kxf4 34. Kc3 Ke4 35. a5 f4 36. h4 h6 37. Kd2 Kd4 38. Ke2 Kxc4 39. bxa6 bxa6 40.
Kf3 Kd3 41. Kxf4 c4 42. g4 c3 43. g5 h5 44. Ke5 c2 45. Kf6 c1=Q 46. Kxg6 Qd1 47.
f4 Qg4 48. f5 Ke4 49. f6 Ke5 50. f7 Qe6+ 51. Kg7 Qe7 52. Kg8 Kf5 53. f8=Q+ Qxf8+ 54. Kxf8 Kg4 55. g6 Kxh4 56. g7 1-0

[Event "*** Titled Tuesday Blitz"]
[Site "Chess.com"]
[Date "2020.05.12"]
[Round "4"]
[White "Gennady_Kozlov"]
[Black "sopo-tereladze"]
[Result "1-0"]
[WhiteElo "2598"]
[BlackElo "2390"]
[TimeControl "180+1"]
[EndTime "10:39:41 PDT"]
[Termination "Gennady_Kozlov won on time"]

1. b3 Nf6 2. Bb2 e6 3. e3 d5 4. f4 c5 5. Nf3 Nc6 6. Be2 Be7 7.
O-O O-O 8. Qe1 a6 9. a4 Nb4 10. Na3 Ne4 11. d3 Nd6 12. Ne5 f6 13. Nf3 Nf7 14.
Qg3 Bd7 15. Rae1 Kh8 16. Nh4 Rg8 17. Bh5 Nh6 18. Qh3 e5 19. f5 d4 20. Qf3 b5 21.
axb5 axb5 22. e4 Rxa3 23. Bxa3 Nxc2 24. Bc1 Nxe1 25. Rxe1 c4 26. dxc4 bxc4 27. bxc4 Qc7 28. Bxh6 gxh6 29. Bf7 Rg5 30. Ra1 Bc6 31. Qd3 Qb7 32.
Bd5 Bxd5 33. cxd5 Qb2 34. Rb1 Qa2 35. Rb8+ Rg8 36. Rxg8+ Kxg8 37. h3 Qa1+ 38. Kh2 Qc1 39. Nf3 h5 40. Nd2 Bb4 41. Nc4 Qf4+ 42. Qg3+ Qxg3+ 43. Kxg3 Be1+ 44. Kf3 Kf7 45. Ke2 Bc3 46. Kd3 Be1 47.
Nb6 Ke7 48. Kc4 Kd6 49. Na4 Bd2 50. Nc5 h4 51. Ne6 Bh6 52. Nd8 Kd7 53. Nb7 Kc7 54.
Nc5 Kd6 55. Nd3 Be3 56. Kb5 Bd2 57. Kb6 Be3 58. Kb7 1-0

[Event "*** Titled Tuesday Blitz"]
[Site "Chess.com"]
[Date "2020.05.12"]
[Round "4"]
[White "tonyq11"]
[Black "Michaelson_11"]
[Result "0-1"]
[WhiteElo "2216"]
[BlackElo "2007"]
[TimeControl "180+1"]
[EndTime "10:39:41 PDT"]
[Termination "Michaelson_11 won by resignation"]

1. d4 Nf6 2. c4 e6 3. Nc3 Bb4 4. f3 c5 5. d5 b5 6. e4 O-O 7.
e5 exd5 8. cxd5 Re8 9. f4 Bb7 10. d6 Ne4 11. Qd3 Qh4+ 12. g3 Nxg3 13. Qxg3 Qxg3+ 14. hxg3 Bxh1 15. Bxb5 f6 16. Kf2 fxe5 17. fxe5 Bc6 18.
Bc4+ Kh8 19. Bf4 a5 20. Nf3 Bxf3 21. Kxf3 Bxc3 22. bxc3 Nc6 23. Bd5 Rac8 24. Ke4 h6 25.
g4 g5 26. Bg3 Nd8 27. Rb1 Kg7 28. Rb6 Nf7 29. Bxf7 Kxf7 30. Kd5 c4 31. Rb7 Red8 32. Ra7 Ke8 33. Rxa5 Ra8 34. Rxa8 Rxa8 35. Kxc4 Rxa2 36. Kd5 Rg2 37. Be1 Rxg4 38. c4 Rg1 39. Bf2 Rd1+ 40. Ke4 h5 41. c5 Rc1 42. Kf5 Rf1 43. Kxg5 Rxf2 44. e6 dxe6 45. c6 Rc2 46. c7 Kd7 47. Kxh5 0-1

[Event "*** Titled Tuesday Blitz"]
[Site "Chess.com"]
[Date "2020.05.12"]
[Round "4"]
[White "DonBroca"]
[Black "Soltan49"]
[Result "0-1"]
[WhiteElo "2229"]
[BlackElo "2452"]
[TimeControl "180+1"]
[EndTime "10:39:42 PDT"]
[Termination "Soltan49 won by checkmate"]

1. e4 c6 2. d4 d5 3. Nc3 dxe4 4. Nxe4 Nf6 5. Qd3 Nbd7 6. Nf3 Nxe4 7. Qxe4 Nf6 8. Qe3 Bf5 9. Bd3 Bxd3 10. Qxd3 e6 11. Bf4 Bd6 12. Ne5 Bxe5 13. Bxe5 Qa5+ 14.
Qd2 Qa6 15. Bxf6 gxf6 16. Qe2 Qa5+ 17. c3 O-O-O 18. O-O h5 19. Qf3 f5 20. Rfe1 h4 21. Re5 Qb6 22. b4 h3 23. g3 Rd5 24.
Qe2 Rhd8 25. a4 a5 26. Rb1 Kb8 27. Rb2 Ka7 28. Re3 f4 29. gxf4 Qc7 30. Rxh3 Qxf4 31.
Rg3 Rh8 32. bxa5 Rxa5 33. c4 Qc1+ 34. Kg2 Rah5 35. h3 Qh6 36. Rgb3 Rg5+ 37. Kf1 Rb8 38. Qe3 Ka8 39. d5 exd5 40. cxd5 Qg6 41. Qe7 Rg1+ 42. Ke2 Qh5+ 43. Kd3 Qxd5+ 44. Ke3 Re1+ 45. Re2 Rxe2+ 46. Kxe2 Qxb3 47. Qc5 Re8+ 48. Kf1 Qd1+ 49. Kg2 Rg8+ 50. Kh2 Qg1# 0-1

[Event "*** Titled Tuesday Blitz"]
[Site "Chess.com"]
[Date "2020.05.12"]
[Round "4"]
[White "SophieNikoladze"]
[Black "kot60"]
[Result "1-0"]
[WhiteElo "2137"]
[BlackElo "2337"]
[TimeControl "180+1"]
[EndTime "10:39:43 PDT"]
[Termination "SophieNikoladze won by resignation"]

1. d4 Nf6 2. Nf3 g6 3. g3 Bg7 4. Bg2 O-O 5. O-O c5 6. d5 d6 7. c4 Na6 8. Nc3 Nc7 9. Rb1 b6 10. a3 Rb8 11. b4 Bd7 12. Qc2 Ng4 13. b5 a6 14. a4 axb5 15. axb5 Ne5 16. Nd2 f5 17. h3 f4 18. gxf4 Rxf4 19. e3 Rf8 20.
f4 Nf7 21. Kh2 Ne8 22. Nce4 h6 23. Ng3 Nh8 24. Be4 Qc8 25. Bxg6 Bxh3 26. Rg1 Nf6 27.
Nf3 Qg4 28. Bh7+ Nxh7 29. Bb2 Nf6 30. Qf2 Qd7 31. Bxf6 Rxf6 32. Nh5 Rg6 33. Rxg6 Nxg6 34. Rg1 Bf5 35. Nh4 Kf7 36. Nxg7 Kxg7 37. Qg3 Ra8 38. Qg2 Kh7 39. Nxg6 Ra2 40. Qxa2 Bxg6 41. Qg2 Qf5 42. e4 Qh5+ 43. Qh3 Qe2+ 44. Rg2 Qxe4 45. Qg3 Qf5 46. Qg4 h5 47. Qxf5 Bxf5 48. Rg5 Bg4 49. Kg3 Kh6 50. Kh4 Be2 51. f5 Bxc4 52. Rxh5+ Kg7 53.
Rg5+ Kf6 54. Kg4 Ke5 55. Rg7 Bxd5 56. Rxe7+ Kd4 57. f6 Kc4 58. f7 Kxb5 59. f8=Q c4 60. Qe8+ Bc6 61. Qb8 Kc5 62. Re6 d5 63. Qd6+ 1-0

[Event "*** Titled Tuesday Blitz"]
[Site "Chess.com"]
[Date "2020.05.12"]
[Round "4"]
[White "bugsbunny444"]
[Black "ketster"]
[Result "1-0"]
[WhiteElo "2454"]
[BlackElo "2280"]
[TimeControl "180+1"]
[EndTime "10:39:44 PDT"]
[Termination "bugsbunny444 won by checkmate"]

1. Nf3 Nf6 2. c4 e6 3. g3 d5 4.
Bg2 d4 5. b4 Bxb4 6. Qa4+ Nc6 7. Ne5 Rb8 8. Nxc6 bxc6 9. Ba3 Bxa3 10. Bxc6+ Bd7 11. Nxa3 O-O 12. O-O Bxc6 13. Qxc6 Rb6 14. Qa4 e5 15. c5 Re6 16. Rab1 Ne4 17. Qc2 Qd5 18. f3 Nxc5 19. Rb5 Rc6 20. Rc1 d3 21.
Rxc5 Qd4+ 22. e3 Qb4 23. Qc3 Rxc5 24. Qxb4 Rxc1+ 25. Kf2 Rc6 26. e4 Rd6 27. Nc4 Rd4 28. Qc5 f6 29. Ke3 Rfd8 30. Qxc7 R4d7 31. Qc5 h5 32. h4 Kh7 33. Nb2 Rb8 34. Nxd3 Rbd8 35.
Nb4 Rxd2 36. Qc3 R2d7 37. Nd5 Rb7 38. Qc6 Rdb8 39. g4 hxg4 40. fxg4 Rb2 41. Qc7 R8b7 42.
Nxf6+ Kg6 43. Qxe5 gxf6 44. Qh5+ Kg7 45. Kf4 Re2 46.
Qf5 Rbb2 47. Qd7+ Kg8 48. Kf5 Rf2+ 49. Kg6 Rb8 50. Qg7# 1-0

[Event "*** Titled Tuesday Blitz"]
[Site "Chess.com"]
[Date "2020.05.12"]
[Round "4"]
[White "narutosmith"]
[Black "Keithonsky"]
[Result "1-0"]
[WhiteElo "2273"]
[BlackElo "2428"]
[TimeControl "180+1"]
[EndTime "10:39:44 PDT"]
[Termination "narutosmith won by checkmate"]

1. c4 e5 2. Nc3 Nf6 3. Nf3 Nc6 4. d4 exd4 5. Nxd4 Bc5 6. Nxc6 bxc6 7. g3 O-O 8. Bg2 Ba6 9. Qa4 Bc8 10. O-O Rb8 11. Rd1 Qe7 12. a3 h6 13. e3 Qe5 14.
Ne2 d5 15. Nd4 Bxd4 16. exd4 Qh5 17. Bf4 Rxb2 18. Rab1 Rxb1 19. Rxb1 Bf5 20. Re1 Be4 21.
Qxc6 Ng4 22. h3 Nf6 23. Be5 Bxg2 24. Kxg2 Re8 25. cxd5 Qf5 26. Re3 h5 27. Rf3 Qe4 28. Bxf6 gxf6 29. Qxf6 Qxd5 30. Kh2 Re2 31. Rf5 Qe4 32.
Rg5+ Kf8 33. Qh8+ Ke7 34. Re5+ Kd6 35. Rxe4 Rxe4 36. Qf6+ Re6 37. Qf4+ Kd5 38. Kg2 Re4 39. Qxf7+ Kxd4 40. Qxh5 Re5 41. Qf7 c5 42. Qxa7 Kd3 43.
Qd7+ Kc2 44. Qa4+ Kd3 45. Qf4 Re4 46. Qf5 c4 47. h4 Kd4 48. Qd7+ Kc3 49. h5 Rd4 50. Qg7 Kd3 51. h6 c3 52. h7 c2 53.
Qxd4+ Kxd4 54. h8=Q+ Kd3 55. Qc8 c1=Q 56. Qxc1 Ke2 57.
a4 Kd3 58. a5 Ke4 59. a6 Kd5 60. a7 Ke4 61. a8=Q+ Kd3 62. Qd8+ Ke2 63. Qe3# 1-0

[Event "*** Titled Tuesday Blitz"]
[Site "Chess.com"]
[Date "2020.05.12"]
[Round "4"]
[White "Raja3401"]
[Black "GianmarcoVaR"]
[Result "1-0"]
[WhiteElo "2780"]
[BlackElo "2560"]
[TimeControl "180+1"]
[EndTime "10:39:46 PDT"]
[Termination "Raja3401 won on time"]

1. e4 c6 2. Nf3 d5 3. Nc3 dxe4 4. Nxe4 Nf6 5. Qe2 Nxe4 6. Qxe4 Qd5 7. Qf4 Qf5 8. Qe3 Qe6 9. b3 Qxe3+ 10. fxe3 Bf5 11. Bb2 e6 12. O-O-O a5 13. a4 Na6 14. Nh4 Bg4 15. Re1 Be7 16. Nf3 O-O 17. h3 Bf5 18. g4 Be4 19. Be2 Nb4 20. d3 Bg6 21. h4 f6 22.
e4 c5 23. h5 Bf7 24. Reg1 h6 25. e5 Nd5 26. exf6 gxf6 27. d4 cxd4 28. Nxd4 Bc5 29. Rd1 Rac8 30. Bc4 Ne3 31. Bxe6 Bxd4 32. Bxf7+ Rxf7 33. Rxd4 Nxc2 34. Rf4 Na3+ 35. Kd1 Rd7+ 36. Ke1 Re8+ 37.
Kf1 Rd1+ 38. Kg2 Rd2+ 39. Kh3 Rxb2 40. Rxf6 Rxb3+ 41. Kh4 Kg7 42. Rg6+ Kh7 43. Rf1 Re7 44. Rff6 Rg7 45. Rxh6+ Kg8 46. Rd6 Rb4 47. Rd8+ Kf7 48.
Rd7+ Kg8 49. Rxg7+ Kxg7 50. Rg6+ Kh7 51. Rd6 Nc4 52.
Rd7+ Kg8 53. Rd8+ Kf7 54. Rd7+ Ke6 55. Rg7 Ne5 56. h6 1-0

[Event "*** Titled Tuesday Blitz"]
[Site "Chess.com"]
[Date "2020.05.12"]
[Round "4"]
[White "arminmusovic"]
[Black "RianKapriaga"]
[Result "1-0"]
[WhiteElo "2564"]
[BlackElo "2222"]
[TimeControl "180+1"]
[EndTime "10:39:47 PDT"]
[Termination "arminmusovic won on time"]

1. a3 d5 2. Nc3 c6 3. e4 dxe4 4. Nxe4 Bf5 5. Ng3 Bg6 6. d4 Nd7 7. f4 e6 8. Nf3 Ngf6 9. Bd3 Bd6 10. O-O Qc7 11. Ne5 c5 12. c3 cxd4 13. cxd4 Bxd3 14.
Qxd3 O-O 15. Bd2 Rfd8 16. Kh1 Nxe5 17. fxe5 Bxe5 18. Bc3 Bxg3 19. hxg3 Rd5 20. Rf4 Rad8 21. Qf3 b6 22. Rf1 a5 23. g4 Qe7 24. Qh3 h6 25.
R1f3 Rg5 26. Rxf6 gxf6 27. Qxh6 Rg6 28. Qh4 Qf8 29. Rh3 Qg7 30. d5 Rxd5 31. Qf2 Rh6 32. Kh2 Rxh3+ 33. gxh3 Qg5 34. Qxb6 Qf4+ 35. Kg2 Qe4+ 36. Kh2 Qf4+ 37. Kg2 Rd3 38. Qf2 Qxf2+ 39. Kxf2 Rxh3 40. Kg2 Rh6 41. Bxa5 Rg6 42. Kf3 Rg5 43. Bd8 Kg7 44. a4 Rd5 45. Be7 f5 46.
g5 1-0

[Event "*** Titled Tuesday Blitz"]
[Site "Chess.com"]
[Date "2020.05.12"]
[Round "4"]
[White "TargetA"]
[Black "Vesper2018"]
[Result "1-0"]
[WhiteElo "2565"]
[BlackElo "2231"]
[TimeControl "180+1"]
[EndTime "10:39:48 PDT"]
[Termination "TargetA won on time"]

1. d4 Nf6 2. c4 g6 3. Nc3 Bg7 4. e4 d6 5. f3 O-O 6. Be3 c5 7.
Nge2 Nc6 8. Qd2 cxd4 9. Nxd4 Bd7 10. O-O-O a6 11. Kb1 Rb8 12. h4 h5 13. Nxc6 bxc6 14. Bh6 Qa5 15. Bxg7 Kxg7 16. Be2 Rb7 17. b3 Rfb8 18.
Kb2 Be6 19. g4 hxg4 20. h5 g5 21. fxg4 Kh6 22. Qe3 Qe5 23. Rhf1 a5 24. Qd4 Qxd4 25. Rxd4 Nxg4 26. Bxg4 Bxg4 27. e5 Bxh5 28. exd6 exd6 29. Rxd6+ Kg7 30. Rf5 Bg6 31. Rxg5 Re7 32. Rxa5 Rh8 33.
Rxc6 Rh3 34. Nd5 Re2+ 35. Ka3 Bb1 36. Kb4 Rxa2 37. Rc7 Rxb3+ 38. Kxb3 Rxa5 39. Kb4 Ra8 40. c5 Be4 41. Nb6 Rh8 42. Re7 Bg2 43. Kb5 Kg6 44. Re2 Bf3 45. Rf2 Be4 46. Nc4 f5 47. Nd6 Bd3+ 48.
Kb6 Rb8+ 49. Kc7 Rb4 50. c6 Rb1 51. Kd8 Rc1 52. c7 Ba6 53. Ra2 1-0

[Event "*** Titled Tuesday Blitz"]
[Site "Chess.com"]
[Date "2020.05.12"]
[Round "4"]
[White "isla88"]
[Black "enriquetejedor"]
[Result "0-1"]
[WhiteElo "2290"]
[BlackElo "2462"]
[TimeControl "180+1"]
[EndTime "10:39:48 PDT"]
[Termination "enriquetejedor won by resignation"]

1. d4 Nf6 2. Nc3 d5 3. Bf4 g6 4. e3 Bg7 5. h4 O-O 6. h5 Nxh5 7. Rxh5 gxh5 8. Qxh5 c6 9. Bd3 f5 10. Nf3 Qe8 11. Qh2 Nd7 12. Ng5 Nf6 13. O-O-O Qg6 14.
Rh1 h6 15. Nf3 Ne4 16. Bxe4 fxe4 17. Ne5 Bxe5 18. dxe5 h5 19. Ne2 Bg4 20. f3 exf3 21. gxf3 Bxf3 22. Rg1 Bg4 23. Ng3 Kf7 24. Qh4 Ke6 25. Bg5 Rf2 26. e4 Rh2 27. exd5+ cxd5 28. Qxh2 Qxg5+ 29. Kb1 Rf8 30. Qg2 Qxe5 31. a3 Rf3 32.
Qd2 Rxg3 33. Re1 Rf3 34. Rxe5+ Kxe5 35. Qe2+ Kd6 36. Qh2+ e5 37. Qh4 Rf1+ 38. Ka2 Rf8 39. b4 d4 40. Qg5 Be6+ 41. Kb2 Rh8 42. Qf6 Rh7 43. Qf8+ Kd7 44. Qf3 Kc7 45. Qe4 Kd6 46. Qxh7 Bg4 47. Qg6+ Kd5 48. Qg5 Ke4 49. Qh4 Kf3 50. Kc1 e4 51. Kd2 Kf4 52. Qf2+ Ke5 53. c3 e3+ 54. Qxe3+ dxe3+ 55. Kxe3 Kd5 56. Kf2 Kc4 57.
Kg3 Kxc3 58. Kf4 Kb3 0-1